High Goats vs Carnivores
(R2)
Created - 28 novembre 2013 at 18:59
Goals
|
| High Goats |
0 |
1 |
1 |
2 |
| Carnivores |
1 |
3 |
1 |
5 |
|
Shots
|
| High Goats |
14 |
9 |
11 |
34 |
| Carnivores |
11 |
12 |
17 |
40 |
|
1st period
1. Carnivores , Andrew Ference 1 (Jeff Tambellini, Matt Cullen) at 4:45
Penalties :
Joshua Bailey (Buc) for Interference (Minor) at 0:51, Thomas Hickey (Buc) for Holding (Minor) at 6:51, Tim Conboy (Bre) for Holding (Minor) at 9:52, Pavel Brendl (Buc) for Cross-checking (Minor) at 9:52, Ian Schultz (Bre) for Interference (Minor) at 12:58, David Schlemko (Bre) for Slashing (Minor) at 15:22
2nd period
2. Carnivores , Manny Malhotra 6 (Andrew Ference) at 4:02 (PP)
3. Carnivores , Chris Lawrence 11 (Blake Geoffrion, Josef Melichar) at 4:57
4. Carnivores , Cal O'Reilly 8 (Billy Sweat) at 9:27
5. High Goats , Brandon Bollig 3 (Matt Frattin, Jesse Winchester) at 12:21
Penalties :
Nick Bonino (Buc) for Goalie Interference (Minor) at 3:08, Ian Schultz (Bre) for High sticking (Minor) at 5:44, Blake Geoffrion (Bre) for Hooking (Minor) at 6:19, Cal O'Reilly (Bre) for High sticking (Double Minor) at 13:26
3rd period
6. Carnivores , Chris Lawrence 12 (Blake Geoffrion, Anton Gustafsson) at 8:37
7. High Goats , Brandon Bollig 4 (Anton Stralman, Matt Irwin) at 14:26
Penalties :
Chris Lawrence (Bre) for Holding (Minor) at 1:59, Cal O'Reilly (Bre) for High sticking (Minor) at 19:35, Anton Stralman (Buc) for Hooking (Minor) at 19:35
Goalie Stats
Thomas McCollum (Buc), 35 saves from 40 shots - (0,875), L, 0-5-1, 60:00 minutes
Steve Mason (Bre), 32 saves from 34 shots - (0,941), W, 7-6-0, 60:00 minutes
Players Stats for High Goats
Player Name G A P +/- PIM S H SB GA TA FO MP PP MP PK MP
------------------------------------------------------------------------------------
Anton Stralman 0 1 1 1 2 2 2 2 2 0 0/0 28:42 6:40 2:45
Arturs Kulda 0 0 0 -1 0 0 1 1 1 0 0/0 11:08 0:49 2:07
Brandon Bollig 2 0 2 0 0 2 1 0 1 0 0/0 10:08 1:06 0:00
Brendon Segal 0 0 0 -1 0 1 2 0 1 0 1/1 8:50 0:43 1:45
Chris Stewart 0 0 0 -1 0 4 1 0 1 2 1/4 23:11 6:04 2:39
Dana Tyrell 0 0 0 -2 0 0 0 0 0 0 0/0 7:27 0:08 0:12
Drayson Bowman 0 0 0 0 0 1 2 0 0 0 0/0 16:29 5:16 0:00
Gord Baldwin 0 0 0 -1 0 0 0 1 0 1 0/0 8:47 0:49 0:00
Jason Ryznar 0 0 0 -1 0 0 1 0 0 0 0/0 8:18 0:29 0:28
Jesse Winchester 0 1 1 -1 0 8 5 1 1 0 11/33 24:02 6:01 2:44
Jiri Tlusty 0 0 0 -1 0 1 1 0 0 0 0/2 17:52 6:10 0:00
Joshua Bailey 0 0 0 1 2 2 0 0 0 0 2/6 9:47 0:00 0:27
Matt Frattin 0 1 1 0 0 0 0 1 1 0 1/1 10:07 0:59 0:00
Matt Irwin 0 1 1 1 0 3 2 1 1 1 0/0 28:58 6:40 2:45
Matt Taormina 0 0 0 -2 0 4 2 4 0 2 0/0 22:26 5:01 2:07
Nick Bonino 0 0 0 0 2 3 0 1 0 0 3/12 18:26 5:16 1:29
Pavel Brendl 0 0 0 0 2 3 1 1 1 0 0/0 17:30 5:18 0:00
Thomas Hickey 0 0 0 -2 2 0 0 2 0 0 0/0 20:32 5:01 0:00
Players Stats for Carnivores
Player Name G A P +/- PIM S H SB GA TA FO MP PP MP PK MP
------------------------------------------------------------------------------------
Andrew Ference 1 1 2 1 0 2 1 3 1 1 0/0 21:46 3:05 7:36
Anton Gustafsson 0 1 1 1 0 0 0 0 0 0 1/2 11:08 0:00 0:00
Billy Sweat 0 1 1 1 0 4 0 0 0 0 2/3 11:43 0:00 4:50
Blake Geoffrion 0 2 2 1 2 5 2 0 0 1 0/0 18:28 2:14 3:05
Bobby Sanguinetti 0 0 0 1 0 2 0 0 0 0 0/0 9:51 0:00 0:00
Brian Strait 0 0 0 0 0 0 0 0 0 0 0/0 0:00 0:00 0:00
Cal O'Reilly 1 0 1 1 6 4 2 1 1 1 21/28 16:20 0:36 0:53
Chris Butler 0 0 0 1 0 1 0 2 0 0 0/0 9:09 0:00 0:36
Chris Lawrence 2 0 2 1 2 4 2 0 0 0 0/0 14:43 2:14 0:00
David Schlemko 0 0 0 0 2 0 1 0 0 0 0/0 4:24 0:00 0:06
Evgeny Grachev 0 0 0 0 0 0 0 0 0 0 0/0 0:00 0:00 0:00
Ian Schultz 0 0 0 1 4 0 0 0 0 0 0/0 5:30 0:04 0:02
Jeff Tambellini 0 1 1 1 0 2 1 0 1 3 8/12 23:49 2:34 6:34
Jeremy Welsh 0 0 0 -1 0 1 1 0 0 0 0/0 7:56 0:00 0:32
Jordie Benn 0 0 0 0 0 0 0 0 0 0 0/0 3:48 0:00 0:00
Josef Melichar 0 1 1 0 0 2 0 0 1 0 0/0 26:05 3:05 7:06
Keith Aulie 0 0 0 0 0 1 2 2 1 0 0/0 24:29 1:47 4:48
Manny Malhotra 1 0 1 -1 0 3 2 0 0 2 2/4 15:32 2:14 3:26
Matt Cullen 0 1 1 1 0 1 1 0 0 0 3/5 6:34 2:02 1:24
Mikael Backlund 0 0 0 -1 0 5 0 0 0 0 2/4 12:14 0:04 0:36
Phil Oreskovic 0 0 0 1 0 1 1 2 0 1 0/0 20:58 1:47 4:48
Tim Conboy 0 0 0 1 2 2 0 0 1 1 1/1 19:08 2:34 2:13
3 Stars
1 - Brandon Bollig (Buc)
2 - Chris Lawrence (Bre)
3 - Andrew Ference (Bre)
Power Play
High Goats - 0 on 7 Attempt(s) - 0,00%
Carnivores - 1 on 3 Attempt(s) - 33,33%
Penalty Kill
High Goats - 2 on 3 Attempt(s) - 66,67%
- Score 0 goal in Penalty Kill
Carnivores - 7 on 7 Attempt(s) - 100,00%
- Score 0 goal in Penalty Kill
Official
Referees : Jackson Dave and Auger Stephane
Linesman : David Brisebois and Darren Gibbs
Game Notes
Matt Cullen is injured at 15:48 of 1st period (Back Spasms)
Finance
Level 1 -- Attendance: 1322 (66,10%) -- Ticket Income 47 592 $
Level 2 -- Attendance: 694 (69,40%) -- Ticket Income 11 798 $
Total Attendance: 2016 (67,20%)
Total Ticket Income: 59 390 $
Other Income: 2 970 $
Total Income: 62 360 $
High Goats
5 vs 5 Forward
Center Left Wing Right Wing Time % Phy DF OF
1 Jesse Winchester Jiri Tlusty Chris Stewart 40 1 2 2
2 Nick Bonino Drayson Bowman Pavel Brendl 30 1 2 2
3 Joshua Bailey Brandon Bollig Matt Frattin 20 1 2 2
4 Dana Tyrell Jason Ryznar Brendon Segal 10 1 2 2
5 vs 5 Defense
Defense Defense Time % Phy DF OF
1 Anton Stralman Matt Irwin 40 1 2 2
2 Matt Taormina Thomas Hickey 30 1 2 2
3 Arturs Kulda Gord Baldwin 20 1 2 2
4 Anton Stralman Matt Irwin 10 1 2 2
PowerPlay Forward
Center Left Wing Right Wing Time % Phy DF OF
1 Jesse Winchester Jiri Tlusty Chris Stewart 60 1 1 3
2 Nick Bonino Drayson Bowman Pavel Brendl 40 1 1 3
PowerPlay Defense
Defense Defense Time % Phy DF OF
1 Anton Stralman Matt Irwin 60 1 2 2
2 Matt Taormina Thomas Hickey 40 1 2 2
Penalty Kill 4 Players Forward
Center Wing Time % Phy DF OF
1 Jesse Winchester Chris Stewart 60 1 2 2
2 Nick Bonino Brendon Segal 40 1 2 2
Penalty Kill 4 Players Defense
Defense Defense Time % Phy DF OF
1 Anton Stralman Matt Irwin 60 1 2 2
2 Matt Taormina Arturs Kulda 40 1 2 2
Penalty Kill - 3 Players Forward
Forward Time % Phy DF OF
1 Pavel Brendl 60 1 2 2
2 Chris Stewart 40 1 2 2
Penalty Kill - 3 Players Defense
Defense Defense Time % Phy DF OF
1 Anton Stralman Matt Irwin 60 1 2 2
2 Matt Taormina Arturs Kulda 40 1 2 2
4 vs 4 Forward
Center Wing Time % Phy DF OF
1 Jesse Winchester Chris Stewart 60 1 2 2
2 Nick Bonino Pavel Brendl 40 1 2 2
4 vs 4 Defense
Defense Defense Time % Phy DF OF
1 Anton Stralman Matt Irwin 60 1 2 2
2 Matt Taormina Thomas Hickey 40 1 2 2
Last Minutes Offensive
Center Left Wing Right Wing Defense Defense
Jesse Winchester Jiri Tlusty Chris Stewart Anton Stralman Matt Irwin
Last Minutes Defensive
Center Left Wing Right Wing Defense Defense
Jesse Winchester Jiri Tlusty Chris Stewart Anton Stralman Matt Irwin
Goaltenders
Starting : Thomas McCollum
Backup : Keith Kinkaid
Extra Forwards
Normal : Brandon Bollig, Matt Frattin, Joshua Bailey - PP : Brandon Bollig, Matt Frattin - PK : Joshua Bailey
Extra Defensemen
Normal : Arturs Kulda, Thomas Hickey, Matt Taormina - PP : Arturs Kulda - PK : Thomas Hickey, Matt Taormina
Penalty Shots
Pavel Brendl, Chris Stewart, Jesse Winchester, Brendon Segal, Jason Ryznar
Carnivores
5 vs 5 Forward
Center Left Wing Right Wing Time % Phy DF OF
1 Matt Cullen Jeff Tambellini Tim Conboy 40 1 2 2
2 Anton Gustafsson Blake Geoffrion Chris Lawrence 30 1 2 2
3 Cal O'Reilly Billy Sweat Ian Schultz 20 1 2 2
4 Mikael Backlund Jeremy Welsh Manny Malhotra 10 1 2 2
5 vs 5 Defense
Defense Defense Time % Phy DF OF
1 Keith Aulie Josef Melichar 40 1 2 2
2 Bobby Sanguinetti Phil Oreskovic 30 1 2 2
3 Andrew Ference Chris Butler 20 1 2 2
4 David Schlemko Jordie Benn 10 1 2 2
PowerPlay Forward
Center Left Wing Right Wing Time % Phy DF OF
1 Matt Cullen Jeff Tambellini Tim Conboy 60 1 2 2
2 Manny Malhotra Blake Geoffrion Chris Lawrence 40 1 2 2
PowerPlay Defense
Defense Defense Time % Phy DF OF
1 Andrew Ference Josef Melichar 60 1 2 2
2 Keith Aulie Phil Oreskovic 40 1 2 2
Penalty Kill 4 Players Forward
Center Wing Time % Phy DF OF
1 Jeff Tambellini Matt Cullen 60 1 2 2
2 Manny Malhotra Tim Conboy 40 1 2 2
Penalty Kill 4 Players Defense
Defense Defense Time % Phy DF OF
1 Andrew Ference Josef Melichar 60 1 2 2
2 Keith Aulie Phil Oreskovic 40 1 2 2
Penalty Kill - 3 Players Forward
Forward Time % Phy DF OF
1 Jeff Tambellini 60 1 2 2
2 Matt Cullen 40 1 2 2
Penalty Kill - 3 Players Defense
Defense Defense Time % Phy DF OF
1 Andrew Ference Josef Melichar 60 1 2 2
2 Keith Aulie Phil Oreskovic 40 1 2 2
4 vs 4 Forward
Center Wing Time % Phy DF OF
1 Jeff Tambellini Matt Cullen 60 1 2 2
2 Manny Malhotra Tim Conboy 40 1 2 2
4 vs 4 Defense
Defense Defense Time % Phy DF OF
1 Andrew Ference Josef Melichar 60 1 2 2
2 Keith Aulie Phil Oreskovic 40 1 2 2
Last Minutes Offensive
Center Left Wing Right Wing Defense Defense
Matt Cullen Jeff Tambellini Tim Conboy Andrew Ference Josef Melichar
Last Minutes Defensive
Center Left Wing Right Wing Defense Defense
Matt Cullen Jeff Tambellini Tim Conboy Andrew Ference Josef Melichar
Goaltenders
Starting : Steve Mason
Backup : Corey Crawford
Extra Forwards
Normal : Cal O'Reilly, Mikael Backlund, Billy Sweat - PP : Cal O'Reilly, Mikael Backlund - PK : Billy Sweat
Extra Defensemen
Normal : Bobby Sanguinetti, Chris Butler, David Schlemko - PP : Bobby Sanguinetti - PK : Chris Butler, David Schlemko
Penalty Shots
Jeff Tambellini, Matt Cullen, Manny Malhotra, Tim Conboy, Cal O'Reilly
% Time on Ice - High Goats
Lines # - Real PCT - Wanted PCT - Time Play
Normal Forward
1 - 35% - 40% - 14:08
2 - 28% - 30% - 11:17
3 - 21% - 20% - 8:28
4 - 16% - 10% - 6:22
Normal Defense
1 - 45% - 40% - 17:55
2 - 35% - 30% - 14:12
3 - 20% - 20% - 7:58
4 - 0% - 10% - 0:10
PP Forward
1 - 55% - 60% - 6:56
2 - 45% - 40% - 5:34
PP Defense
1 - 60% - 60% - 7:29
2 - 40% - 40% - 5:01
PK Forward
1 - 64% - 60% - 3:07
2 - 36% - 40% - 1:45
PK Defense
1 - 57% - 60% - 2:45
2 - 43% - 40% - 2:07
PK3 Forward
1 - 0% - 60%
2 - 0% - 40%
PK3 Defense
1 - 0% - 60%
2 - 0% - 40%
44 Forward
1 - 80% - 60% - 1:54
2 - 20% - 40% - 0:29
44 Defense
1 - 62% - 60% - 1:28
2 - 38% - 40% - 0:55
Last Minute Offensive - 0:00
Last Minute Defensive - 0:00
Total
Forward - 60:00
Defense - 60:00
|
% Time on Ice - Carnivores
Lines # - Real PCT - Wanted PCT - Time Play
Normal Forward
1 - 38% - 40% - 15:12
2 - 32% - 30% - 12:59
3 - 12% - 20% - 4:48
4 - 18% - 10% - 7:16
Normal Defense
1 - 35% - 40% - 14:17
2 - 34% - 30% - 13:37
3 - 21% - 20% - 8:33
4 - 9% - 10% - 3:48
PP Forward
1 - 54% - 60% - 2:38
2 - 46% - 40% - 2:14
PP Defense
1 - 63% - 60% - 3:05
2 - 37% - 40% - 1:47
PK Forward
1 - 80% - 60% - 8:53
2 - 20% - 40% - 2:13
PK Defense
1 - 64% - 60% - 7:09
2 - 36% - 40% - 3:57
PK3 Forward
1 - 69% - 60% - 0:58
2 - 31% - 40% - 0:26
PK3 Defense
1 - 39% - 60% - 0:33
2 - 61% - 40% - 0:51
44 Forward
1 - 72% - 60% - 1:43
2 - 28% - 40% - 0:40
44 Defense
1 - 68% - 60% - 1:37
2 - 32% - 40% - 0:46
Last Minute Offensive - 0:00
Last Minute Defensive - 0:00
Total
Forward - 60:00
Defense - 60:00
|
Play by Play
1st period
0:01 of 1st period - Matt Cullen wins face-off versus Jesse Winchester in neutral zone.
0:08 of 1st period - Snap shot by Jeff Tambellini.
0:08 of 1st period - Shot Misses the Net.
0:10 of 1st period - Snap shot by Jeff Tambellini.
0:10 of 1st period - Stopped by Thomas McCollum with a rebound.
0:12 of 1st period - Slapshot by Tim Conboy.
0:12 of 1st period - Shot Misses the Net.
0:14 of 1st period - Slapshot by Josef Melichar.
0:14 of 1st period - Shot Misses the Net.
0:51 of 1st period - Minor Penalty to Joshua Bailey for Interference.
0:52 of 1st period - Jesse Winchester wins face-off versus Matt Cullen in High Goats zone.
2:43 of 1st period - Icing by Phil Oreskovic.
2:44 of 1st period - Jesse Winchester wins face-off versus Manny Malhotra in Carnivores zone.
2:51 of 1st period - Penalty to Joshua Bailey is over, Joshua Bailey is back on ice.
3:05 of 1st period - Snap shot by Jesse Winchester.
3:05 of 1st period - Shot Misses the Net.
3:45 of 1st period - Snap shot by Blake Geoffrion.
3:45 of 1st period - Deflect By Manny Malhotra.
3:45 of 1st period - Shot Misses the Net.
3:45 of 1st period - Puck is out of play.
3:46 of 1st period - Matt Cullen wins face-off versus Nick Bonino in High Goats zone.
3:47 of 1st period - Wrist shot by Jeff Tambellini.
3:47 of 1st period - Shot Misses the Net.
3:55 of 1st period - Snap shot by Pavel Brendl.
3:55 of 1st period - Shot Blocked by Andrew Ference.
3:57 of 1st period - Wrist shot by Pavel Brendl.
3:57 of 1st period - Shot Misses the Net.
4:18 of 1st period - Matt Taormina is hit by Matt Cullen and loses puck.
4:35 of 1st period - Snap shot by Matt Cullen.
4:35 of 1st period - Shot Misses the Net.
4:37 of 1st period - Slapshot by Josef Melichar.
4:37 of 1st period - Stopped by Thomas McCollum with a rebound.
4:39 of 1st period - Snap shot by Andrew Ference.
4:39 of 1st period - Shot Blocked by Thomas Hickey.
4:41 of 1st period - Snap shot by Matt Cullen.
4:41 of 1st period - Shot Misses the Net.
4:43 of 1st period - Snap shot by Jeff Tambellini.
4:43 of 1st period - Shot Blocked by Thomas Hickey.
4:45 of 1st period - Slapshot by Andrew Ference.
4:45 of 1st period - Goal by Andrew Ference - High Goats : 0 - Carnivores : 1.
4:46 of 1st period - Nick Bonino wins face-off versus Cal O'Reilly in neutral zone.
4:57 of 1st period - Snap shot by Nick Bonino.
4:57 of 1st period - Stopped by Steve Mason with a rebound.
4:59 of 1st period - Snap shot by Pavel Brendl.
4:59 of 1st period - Stopped by Steve Mason with a rebound.
5:51 of 1st period - Slapshot by Jesse Winchester.
5:51 of 1st period - Stopped by Steve Mason with a rebound.
6:09 of 1st period - Wrist shot by Pavel Brendl.
6:09 of 1st period - Shot Misses the Net.
6:11 of 1st period - Slapshot by Matt Taormina.
6:11 of 1st period - Stopped by Steve Mason with a rebound.
6:13 of 1st period - Wrist shot by Matt Taormina.
6:13 of 1st period - Stopped by Steve Mason with a rebound.
6:15 of 1st period - Wrist shot by Thomas Hickey.
6:15 of 1st period - Deflect By Pavel Brendl.
6:15 of 1st period - Shot Misses the Net.
6:15 of 1st period - Puck is out of play.
6:16 of 1st period - Jesse Winchester wins face-off versus Cal O'Reilly in Carnivores zone.
6:41 of 1st period - Jeff Tambellini is hit by Drayson Bowman and loses puck.
6:51 of 1st period - Minor Penalty to Thomas Hickey for Holding.
6:52 of 1st period - Matt Cullen wins face-off versus Jesse Winchester in High Goats zone.
6:59 of 1st period - Snap shot by Matt Cullen.
6:59 of 1st period - Deflect By Jeff Tambellini.
6:59 of 1st period - Shot Hit the Post.
6:59 of 1st period - Puck is out of play.
7:00 of 1st period - Jesse Winchester wins face-off versus Matt Cullen in High Goats zone.
7:30 of 1st period - Wrist shot by Blake Geoffrion.
7:30 of 1st period - Shot Hit the Post.
8:30 of 1st period - Andrew Ference is hit by Anton Stralman and loses puck.
8:51 of 1st period - Penalty to Thomas Hickey is over, Thomas Hickey is back on ice.
8:59 of 1st period - Arturs Kulda is hit by Keith Aulie and loses puck.
9:06 of 1st period - Keith Aulie is hit by Chris Stewart and loses puck.
9:13 of 1st period - Snap shot by Chris Stewart.
9:13 of 1st period - Shot Blocked by Keith Aulie.
9:15 of 1st period - Snap shot by Jesse Winchester.
9:15 of 1st period - Stopped by Steve Mason with a rebound.
9:23 of 1st period - Snap shot by Cal O'Reilly.
9:23 of 1st period - Stopped by Thomas McCollum with a rebound.
9:25 of 1st period - Slapshot by Mikael Backlund.
9:25 of 1st period - Stopped by Thomas McCollum without a rebound.
9:26 of 1st period - Joshua Bailey wins face-off versus Anton Gustafsson in High Goats zone.
9:26 of 1st period - Joshua Bailey is hit by Blake Geoffrion.
9:52 of 1st period - Minor Penalty to Tim Conboy for Holding.
9:52 of 1st period - Minor Penalty to Pavel Brendl for Cross-checking.
9:53 of 1st period - Jeff Tambellini wins face-off versus Jesse Winchester in neutral zone.
10:26 of 1st period - Slapshot by Nick Bonino.
10:26 of 1st period - Shot Misses the Net.
10:28 of 1st period - Snap shot by Nick Bonino.
10:28 of 1st period - Stopped by Steve Mason with a rebound.
10:32 of 1st period - Slapshot by Anton Stralman.
10:32 of 1st period - Shot Misses the Net.
11:52 of 1st period - Penalty to Tim Conboy is over, Tim Conboy is back on ice.
11:52 of 1st period - Penalty to Pavel Brendl is over, Pavel Brendl is back on ice.
12:03 of 1st period - Wrist shot by Manny Malhotra.
12:03 of 1st period - Shot Misses the Net.
12:41 of 1st period - Snap shot by Chris Stewart.
12:41 of 1st period - Shot Misses the Net.
12:43 of 1st period - Snap shot by Jesse Winchester.
12:43 of 1st period - Stopped by Steve Mason with a rebound.
12:45 of 1st period - Snap shot by Matt Irwin.
12:45 of 1st period - Shot Blocked by Keith Aulie.
12:47 of 1st period - Slapshot by Matt Irwin.
12:47 of 1st period - Stopped by Steve Mason without a rebound.
12:48 of 1st period - Joshua Bailey wins face-off versus Cal O'Reilly in Carnivores zone.
12:51 of 1st period - Wrist shot by Joshua Bailey.
12:51 of 1st period - Stopped by Steve Mason without a rebound.
12:52 of 1st period - Cal O'Reilly wins face-off versus Joshua Bailey in Carnivores zone.
12:58 of 1st period - Minor Penalty to Ian Schultz for Interference.
12:59 of 1st period - Jeff Tambellini wins face-off versus Nick Bonino in Carnivores zone.
13:12 of 1st period - Wrist shot by Matt Cullen.
13:12 of 1st period - Stopped by Thomas McCollum with a rebound.
13:48 of 1st period - Slapshot by Manny Malhotra.
13:48 of 1st period - Stopped by Thomas McCollum with a rebound.
13:50 of 1st period - Snap shot by Manny Malhotra.
13:50 of 1st period - Shot Blocked by Anton Stralman.
14:41 of 1st period - Nick Bonino is hit by Manny Malhotra and loses puck.
14:58 of 1st period - Penalty to Ian Schultz is over, Ian Schultz is back on ice.
15:06 of 1st period - Anton Stralman is hit by Jeremy Welsh.
15:22 of 1st period - Minor Penalty to David Schlemko for Slashing.
15:23 of 1st period - Jeff Tambellini wins face-off versus Jesse Winchester in Carnivores zone.
15:32 of 1st period - Andrew Ference is hit by Jesse Winchester and loses puck.
15:47 of 1st period - Matt Cullen is hit by Matt Taormina and loses puck.
15:48 of 1st period - Matt Cullen from Carnivores is injured at 15:48 of 1st period (Back Spasms).
15:49 of 1st period - Jesse Winchester wins face-off versus Jeff Tambellini in Carnivores zone.
17:22 of 1st period - Penalty to David Schlemko is over, David Schlemko is back on ice.
17:29 of 1st period - Matt Irwin is hit by David Schlemko and loses puck.
17:38 of 1st period - Snap shot by Blake Geoffrion.
17:38 of 1st period - Stopped by Thomas McCollum with a rebound.
17:40 of 1st period - Slapshot by Phil Oreskovic.
17:40 of 1st period - Deflect By Cal O'Reilly.
17:40 of 1st period - Stopped by Thomas McCollum with a rebound.
17:46 of 1st period - Snap shot by Blake Geoffrion.
17:46 of 1st period - Stopped by Thomas McCollum with a rebound.
17:48 of 1st period - Slapshot by Keith Aulie.
17:48 of 1st period - Shot Blocked by Matt Frattin.
17:50 of 1st period - Slapshot by Keith Aulie.
17:50 of 1st period - Shot Misses the Net.
17:52 of 1st period - Snap shot by Blake Geoffrion.
17:52 of 1st period - Stopped by Thomas McCollum without a rebound.
17:53 of 1st period - Brendon Segal wins face-off versus Mikael Backlund in High Goats zone.
18:06 of 1st period - Slapshot by Matt Taormina.
18:06 of 1st period - Shot Blocked by Chris Butler.
19:07 of 1st period - Slapshot by Matt Taormina.
19:07 of 1st period - Shot Misses the Net.
19:11 of 1st period - Slapshot by Matt Taormina.
19:11 of 1st period - Stopped by Steve Mason with a rebound.
19:13 of 1st period - Slapshot by Brendon Segal.
19:13 of 1st period - Stopped by Steve Mason without a rebound.
19:14 of 1st period - Jesse Winchester wins face-off versus Cal O'Reilly in Carnivores zone.
19:17 of 1st period - Snap shot by Chris Stewart.
19:17 of 1st period - Shot Blocked by Cal O'Reilly.
19:19 of 1st period - Snap shot by Jiri Tlusty.
19:19 of 1st period - Shot Hit the Post.
19:23 of 1st period - Wrist shot by Chris Stewart.
19:23 of 1st period - Stopped by Steve Mason with a rebound.
19:29 of 1st period - Slapshot by Jesse Winchester.
19:29 of 1st period - Stopped by Steve Mason with a rebound.
2nd period
0:01 of 2nd period - Cal O'Reilly wins face-off versus Jesse Winchester in neutral zone.
0:38 of 2nd period - Snap shot by Keith Aulie.
0:38 of 2nd period - Shot Blocked by Matt Taormina.
0:40 of 2nd period - Snap shot by Josef Melichar.
0:40 of 2nd period - Shot Misses the Net.
0:42 of 2nd period - Wrist shot by Blake Geoffrion.
0:42 of 2nd period - Shot Misses the Net.
0:44 of 2nd period - Snap shot by Chris Lawrence.
0:44 of 2nd period - Shot Blocked by Nick Bonino.
1:14 of 2nd period - Dana Tyrell is hit by Andrew Ference and loses puck.
1:21 of 2nd period - Slapshot by Matt Irwin.
1:21 of 2nd period - Stopped by Steve Mason without a rebound.
1:22 of 2nd period - Tim Conboy wins face-off versus Jesse Winchester in Carnivores zone.
1:22 of 2nd period - Tim Conboy is hit by Jesse Winchester.
1:50 of 2nd period - Nick Bonino is hit by Chris Lawrence.
1:59 of 2nd period - Anton Stralman is hit by Chris Lawrence and loses puck.
2:30 of 2nd period - Billy Sweat is hit by Arturs Kulda and loses puck.
2:37 of 2nd period - Wrist shot by Chris Stewart.
2:37 of 2nd period - Shot Blocked by Chris Butler.
2:39 of 2nd period - Wrist shot by Jiri Tlusty.
2:39 of 2nd period - Stopped by Steve Mason with a rebound.
2:49 of 2nd period - Matt Taormina is hit by Manny Malhotra and loses puck.
3:08 of 2nd period - Slapshot by Manny Malhotra.
3:08 of 2nd period - Deflect By Nick Bonino.
3:08 of 2nd period - Stopped by Thomas McCollum without a rebound.
3:08 of 2nd period - Minor Penalty to Nick Bonino for Goalie Interference.
3:09 of 2nd period - Jesse Winchester wins face-off versus Jeff Tambellini in High Goats zone.
3:18 of 2nd period - Slapshot by Jeff Tambellini.
3:18 of 2nd period - Stopped by Thomas McCollum without a rebound.
3:19 of 2nd period - Cal O'Reilly wins face-off versus Jesse Winchester in High Goats zone.
3:50 of 2nd period - Icing by Josef Melichar.
3:51 of 2nd period - Manny Malhotra wins face-off versus Joshua Bailey in Carnivores zone.
4:02 of 2nd period - Wrist shot by Manny Malhotra.
4:02 of 2nd period - Goal by Manny Malhotra - High Goats : 0 - Carnivores : 2.
4:03 of 2nd period - Jesse Winchester wins face-off versus Cal O'Reilly in neutral zone.
4:06 of 2nd period - Slapshot by Anton Stralman.
4:06 of 2nd period - Stopped by Steve Mason without a rebound.
4:07 of 2nd period - Jesse Winchester wins face-off versus Cal O'Reilly in Carnivores zone.
4:08 of 2nd period - Snap shot by Chris Stewart.
4:08 of 2nd period - Shot Misses the Net.
4:10 of 2nd period - Slapshot by Matt Irwin.
4:10 of 2nd period - Shot Misses the Net.
4:12 of 2nd period - Slapshot by Matt Irwin.
4:12 of 2nd period - Deflect By Chris Stewart.
4:12 of 2nd period - Shot Misses the Net.
4:12 of 2nd period - Puck is out of play.
4:13 of 2nd period - Cal O'Reilly wins face-off versus Jesse Winchester in Carnivores zone.
4:20 of 2nd period - Wrist shot by Chris Stewart.
4:20 of 2nd period - Stopped by Steve Mason with a rebound.
4:26 of 2nd period - Slapshot by Jesse Winchester.
4:26 of 2nd period - Stopped by Steve Mason without a rebound.
4:27 of 2nd period - Cal O'Reilly wins face-off versus Nick Bonino in Carnivores zone.
4:57 of 2nd period - Snap shot by Chris Lawrence.
4:57 of 2nd period - Goal by Chris Lawrence - High Goats : 0 - Carnivores : 3.
4:58 of 2nd period - Cal O'Reilly wins face-off versus Jiri Tlusty in neutral zone.
5:12 of 2nd period - Matt Taormina is hit by Cal O'Reilly.
5:33 of 2nd period - Wrist shot by Blake Geoffrion.
5:33 of 2nd period - Shot Blocked by Anton Stralman.
5:35 of 2nd period - Slapshot by Keith Aulie.
5:35 of 2nd period - Shot Blocked by Matt Irwin.
5:37 of 2nd period - Slapshot by Keith Aulie.
5:37 of 2nd period - Deflect By Blake Geoffrion.
5:37 of 2nd period - Shot Misses the Net.
5:37 of 2nd period - Puck is out of play.
5:38 of 2nd period - Cal O'Reilly wins face-off versus Jesse Winchester in High Goats zone.
5:44 of 2nd period - Minor Penalty to Ian Schultz for High sticking.
5:45 of 2nd period - Jeff Tambellini wins face-off versus Jesse Winchester in Carnivores zone.
5:50 of 2nd period - Josef Melichar is hit by Anton Stralman and loses puck.
6:15 of 2nd period - Andrew Ference is hit by Pavel Brendl and loses puck.
6:19 of 2nd period - Minor Penalty to Blake Geoffrion for Hooking.
6:20 of 2nd period - Jeff Tambellini wins face-off versus Jesse Winchester in Carnivores zone.
6:31 of 2nd period - Slapshot by Matt Irwin.
6:31 of 2nd period - Stopped by Steve Mason with a rebound.
6:33 of 2nd period - Snap shot by Chris Stewart.
6:33 of 2nd period - Stopped by Steve Mason with a rebound.
6:35 of 2nd period - Snap shot by Jiri Tlusty.
6:35 of 2nd period - Shot Misses the Net.
7:44 of 2nd period - Penalty to Ian Schultz is over, Ian Schultz is back on ice.
8:19 of 2nd period - Penalty to Blake Geoffrion is over, Blake Geoffrion is back on ice.
9:05 of 2nd period - Slapshot by Josef Melichar.
9:05 of 2nd period - Shot Misses the Net.
9:07 of 2nd period - Slapshot by Blake Geoffrion.
9:07 of 2nd period - Shot Misses the Net.
9:09 of 2nd period - Wrist shot by Blake Geoffrion.
9:09 of 2nd period - Stopped by Thomas McCollum with a rebound.
9:13 of 2nd period - Wrist shot by Chris Lawrence.
9:13 of 2nd period - Stopped by Thomas McCollum without a rebound.
9:14 of 2nd period - Billy Sweat wins face-off versus Joshua Bailey in High Goats zone.
9:17 of 2nd period - Snap shot by Billy Sweat.
9:17 of 2nd period - Shot Misses the Net.
9:19 of 2nd period - Slapshot by Phil Oreskovic.
9:19 of 2nd period - Stopped by Thomas McCollum without a rebound.
9:20 of 2nd period - Cal O'Reilly wins face-off versus Joshua Bailey in High Goats zone.
9:21 of 2nd period - Snap shot by Billy Sweat.
9:21 of 2nd period - Stopped by Thomas McCollum with a rebound.
9:23 of 2nd period - Wrist shot by Cal O'Reilly.
9:23 of 2nd period - Stopped by Thomas McCollum with a rebound.
9:25 of 2nd period - Wrist shot by Billy Sweat.
9:25 of 2nd period - Stopped by Thomas McCollum with a rebound.
9:27 of 2nd period - Snap shot by Cal O'Reilly.
9:27 of 2nd period - Goal by Cal O'Reilly - High Goats : 0 - Carnivores : 4.
9:28 of 2nd period - Cal O'Reilly wins face-off versus Jiri Tlusty in neutral zone.
9:31 of 2nd period - Matt Irwin is hit by Cal O'Reilly and loses puck.
9:54 of 2nd period - Chris Lawrence is hit by Matt Irwin and loses puck.
10:04 of 2nd period - Off-side.
10:05 of 2nd period - Cal O'Reilly wins face-off versus Nick Bonino in neutral zone.
10:08 of 2nd period - Matt Taormina is hit by Keith Aulie and loses puck.
11:31 of 2nd period - Slapshot by Josef Melichar.
11:31 of 2nd period - Stopped by Thomas McCollum without a rebound.
11:32 of 2nd period - Billy Sweat wins face-off versus Nick Bonino in High Goats zone.
11:33 of 2nd period - Wrist shot by Jeff Tambellini.
11:33 of 2nd period - Shot Blocked by Arturs Kulda.
11:47 of 2nd period - Backhand shot by Pavel Brendl.
11:47 of 2nd period - Stopped by Steve Mason with a rebound.
12:19 of 2nd period - Snap shot by Matt Frattin.
12:19 of 2nd period - Shot Blocked by Andrew Ference.
12:21 of 2nd period - Snap shot by Brandon Bollig.
12:21 of 2nd period - Goal by Brandon Bollig - High Goats : 1 - Carnivores : 4.
12:22 of 2nd period - Cal O'Reilly wins face-off versus Jesse Winchester in neutral zone.
13:26 of 2nd period - Double Minor Penalty to Cal O'Reilly for High sticking.
13:27 of 2nd period - Jeff Tambellini wins face-off versus Jesse Winchester in Carnivores zone.
14:49 of 2nd period - Snap shot by Pavel Brendl.
14:49 of 2nd period - Shot Misses the Net.
14:51 of 2nd period - Backhand shot by Drayson Bowman.
14:51 of 2nd period - Shot Misses the Net.
14:53 of 2nd period - Slapshot by Drayson Bowman.
14:53 of 2nd period - Deflect By Pavel Brendl.
14:53 of 2nd period - Shot Misses the Net.
14:53 of 2nd period - Puck is out of play.
14:54 of 2nd period - Jesse Winchester wins face-off versus Manny Malhotra in Carnivores zone.
16:16 of 2nd period - Mikael Backlund is hit by Brandon Bollig and loses puck.
17:26 of 2nd period - Penalty to Cal O'Reilly is over, Cal O'Reilly is back on ice.
19:01 of 2nd period - Mikael Backlund is hit by Brendon Segal and loses puck.
19:12 of 2nd period - Manny Malhotra is hit by Drayson Bowman and loses puck.
19:59 of 2nd period - Josef Melichar is hit by Jesse Winchester and loses puck.
3rd period
0:01 of 3rd period - Cal O'Reilly wins face-off versus Chris Stewart in neutral zone.
0:38 of 3rd period - Snap shot by Mikael Backlund.
0:38 of 3rd period - Stopped by Thomas McCollum with a rebound.
0:40 of 3rd period - Wrist shot by Mikael Backlund.
0:40 of 3rd period - Stopped by Thomas McCollum with a rebound.
0:55 of 3rd period - Wrist shot by Nick Bonino.
0:55 of 3rd period - Stopped by Steve Mason with a rebound.
1:51 of 3rd period - Phil Oreskovic is hit by Brendon Segal and loses puck.
1:59 of 3rd period - Minor Penalty to Chris Lawrence for Holding.
2:00 of 3rd period - Jeff Tambellini wins face-off versus Jesse Winchester in Carnivores zone.
2:11 of 3rd period - Snap shot by Jesse Winchester.
2:11 of 3rd period - Stopped by Steve Mason with a rebound.
2:48 of 3rd period - Slapshot by Jesse Winchester.
2:48 of 3rd period - Stopped by Steve Mason with a rebound.
2:50 of 3rd period - Snap shot by Jesse Winchester.
2:50 of 3rd period - Stopped by Steve Mason without a rebound.
2:51 of 3rd period - Jeff Tambellini wins face-off versus Nick Bonino in Carnivores zone.
3:39 of 3rd period - Billy Sweat is hit by Jiri Tlusty.
3:59 of 3rd period - Penalty to Chris Lawrence is over, Chris Lawrence is back on ice.
3:59 of 3rd period - Thomas Hickey is hit by Phil Oreskovic.
4:21 of 3rd period - Wrist shot by Jason Ryznar.
4:21 of 3rd period - Shot Blocked by Phil Oreskovic.
6:39 of 3rd period - Josef Melichar is hit by Jason Ryznar and loses puck.
6:54 of 3rd period - Icing by Tim Conboy.
6:55 of 3rd period - Nick Bonino wins face-off versus Billy Sweat in Carnivores zone.
7:06 of 3rd period - Snap shot by Nick Bonino.
7:06 of 3rd period - Shot Misses the Net.
7:08 of 3rd period - Snap shot by Drayson Bowman.
7:08 of 3rd period - Stopped by Steve Mason without a rebound.
7:09 of 3rd period - Anton Gustafsson wins face-off versus Jesse Winchester in Carnivores zone.
7:35 of 3rd period - Andrew Ference is hit by Matt Irwin and loses puck.
8:35 of 3rd period - Wrist shot by Blake Geoffrion.
8:35 of 3rd period - Shot Blocked by Matt Taormina.
8:37 of 3rd period - Wrist shot by Blake Geoffrion.
8:37 of 3rd period - Deflect By Chris Lawrence.
8:37 of 3rd period - Goal by Chris Lawrence - High Goats : 1 - Carnivores : 5.
8:38 of 3rd period - Jesse Winchester wins face-off versus Jeff Tambellini in neutral zone.
8:41 of 3rd period - Slapshot by Matt Taormina.
8:41 of 3rd period - Stopped by Steve Mason with a rebound.
9:32 of 3rd period - Icing by Matt Taormina.
9:33 of 3rd period - Cal O'Reilly wins face-off versus Jesse Winchester in High Goats zone.
9:34 of 3rd period - Wrist shot by Billy Sweat.
9:34 of 3rd period - Stopped by Thomas McCollum with a rebound.
9:36 of 3rd period - Wrist shot by Cal O'Reilly.
9:36 of 3rd period - Shot Blocked by Matt Taormina.
9:38 of 3rd period - Wrist shot by Tim Conboy.
9:38 of 3rd period - Shot Blocked by Jesse Winchester.
9:48 of 3rd period - Jeff Tambellini is hit by Matt Taormina and loses puck.
10:37 of 3rd period - Matt Irwin is hit by Blake Geoffrion and loses puck.
11:46 of 3rd period - Slapshot by Matt Frattin.
11:46 of 3rd period - Shot Misses the Net.
11:58 of 3rd period - Snap shot by Mikael Backlund.
11:58 of 3rd period - Stopped by Thomas McCollum without a rebound.
11:59 of 3rd period - Mikael Backlund wins face-off versus Nick Bonino in High Goats zone.
12:00 of 3rd period - Snap shot by Jeremy Welsh.
12:00 of 3rd period - Stopped by Thomas McCollum without a rebound.
12:01 of 3rd period - Manny Malhotra wins face-off versus Jesse Winchester in High Goats zone.
12:08 of 3rd period - Manny Malhotra is hit by Jesse Winchester.
12:39 of 3rd period - Wrist shot by Pavel Brendl.
12:39 of 3rd period - Stopped by Steve Mason with a rebound.
12:59 of 3rd period - Wrist shot by Joshua Bailey.
12:59 of 3rd period - Shot Misses the Net.
13:14 of 3rd period - Snap shot by Brendon Segal.
13:14 of 3rd period - Shot Blocked by Andrew Ference.
13:39 of 3rd period - Off-side.
13:40 of 3rd period - Nick Bonino wins face-off versus Cal O'Reilly in neutral zone.
14:05 of 3rd period - Anton Stralman is hit by Jeff Tambellini and loses puck.
14:24 of 3rd period - Slapshot by Anton Stralman.
14:24 of 3rd period - Stopped by Steve Mason with a rebound.
14:26 of 3rd period - Wrist shot by Anton Stralman.
14:26 of 3rd period - Deflect By Brandon Bollig.
14:26 of 3rd period - Goal by Brandon Bollig - High Goats : 2 - Carnivores : 5.
14:27 of 3rd period - Cal O'Reilly wins face-off versus Jesse Winchester in neutral zone.
15:15 of 3rd period - Snap shot by Mikael Backlund.
15:15 of 3rd period - Stopped by Thomas McCollum without a rebound.
15:16 of 3rd period - Matt Frattin wins face-off versus Mikael Backlund in High Goats zone.
15:35 of 3rd period - Wrist shot by Joshua Bailey.
15:35 of 3rd period - Stopped by Steve Mason without a rebound.
15:36 of 3rd period - Cal O'Reilly wins face-off versus Jesse Winchester in Carnivores zone.
16:13 of 3rd period - Snap shot by Blake Geoffrion.
16:13 of 3rd period - Deflect By Pavel Brendl.
16:13 of 3rd period - Stopped by Thomas McCollum with a rebound.
16:55 of 3rd period - Wrist shot by Cal O'Reilly.
16:55 of 3rd period - Deflect By Billy Sweat.
16:55 of 3rd period - Stopped by Thomas McCollum without a rebound.
16:56 of 3rd period - Cal O'Reilly wins face-off versus Jesse Winchester in High Goats zone.
16:57 of 3rd period - Slapshot by Bobby Sanguinetti.
16:57 of 3rd period - Stopped by Thomas McCollum without a rebound.
16:58 of 3rd period - Cal O'Reilly wins face-off versus Chris Stewart in High Goats zone.
17:29 of 3rd period - Slapshot by Matt Irwin.
17:29 of 3rd period - Shot Blocked by Phil Oreskovic.
17:50 of 3rd period - Slapshot by Andrew Ference.
17:50 of 3rd period - Stopped by Thomas McCollum without a rebound.
17:51 of 3rd period - Mikael Backlund wins face-off versus Chris Stewart in High Goats zone.
17:54 of 3rd period - Wrist shot by Mikael Backlund.
17:54 of 3rd period - Shot Misses the Net.
17:56 of 3rd period - Wrist shot by Jeremy Welsh.
17:56 of 3rd period - Shot Misses the Net.
17:58 of 3rd period - Slapshot by Manny Malhotra.
17:58 of 3rd period - Shot Misses the Net.
18:00 of 3rd period - Wrist shot by Chris Butler.
18:00 of 3rd period - Stopped by Thomas McCollum without a rebound.
18:01 of 3rd period - Cal O'Reilly wins face-off versus Jesse Winchester in High Goats zone.
18:14 of 3rd period - Snap shot by Jeff Tambellini.
18:14 of 3rd period - Shot Blocked by Matt Taormina.
18:16 of 3rd period - Slapshot by Keith Aulie.
18:16 of 3rd period - Stopped by Thomas McCollum with a rebound.
18:32 of 3rd period - Backhand shot by Blake Geoffrion.
18:32 of 3rd period - Shot Misses the Net.
18:34 of 3rd period - Slapshot by Phil Oreskovic.
18:34 of 3rd period - Shot Blocked by Pavel Brendl.
18:36 of 3rd period - Slapshot by Bobby Sanguinetti.
18:36 of 3rd period - Stopped by Thomas McCollum without a rebound.
18:37 of 3rd period - Cal O'Reilly wins face-off versus Nick Bonino in High Goats zone.
19:02 of 3rd period - Anton Gustafsson is hit by Jesse Winchester and loses puck.
19:11 of 3rd period - Wrist shot by Chris Lawrence.
19:11 of 3rd period - Stopped by Thomas McCollum without a rebound.
19:12 of 3rd period - Cal O'Reilly wins face-off versus Jesse Winchester in High Goats zone.
19:15 of 3rd period - Wrist shot by Tim Conboy.
19:15 of 3rd period - Stopped by Thomas McCollum with a rebound.
19:17 of 3rd period - Wrist shot by Tim Conboy.
19:17 of 3rd period - Stopped by Thomas McCollum with a rebound.
19:25 of 3rd period - Wrist shot by Jeff Tambellini.
19:25 of 3rd period - Deflect By Cal O'Reilly.
19:25 of 3rd period - Shot Blocked by Gord Baldwin.
19:25 of 3rd period - Puck is out of play.
19:26 of 3rd period - Cal O'Reilly wins face-off versus Nick Bonino in High Goats zone.
19:35 of 3rd period - Minor Penalty to Cal O'Reilly for High sticking.
19:35 of 3rd period - Minor Penalty to Anton Stralman for Hooking.
19:36 of 3rd period - Chris Stewart wins face-off versus Jeff Tambellini in neutral zone.
19:51 of 3rd period - Wrist shot by Chris Stewart.
19:51 of 3rd period - Stopped by Steve Mason with a rebound.
Output by the SimonT Hockey Simulator (STHS) for François Prévost -- Original Page W3C XHTML 1.0 Valid